 Dungeon Crawl Stone Soup version 0.25.1-2-g60ff931df9 (webtiles) character file.

Game seed: 6578619690756894820

56 DearestLeader the Conjurer (level 3, -9/19 HPs)
             Began as a Deep Elf Conjurer on Sept 17, 2020.
             Killed by divine providence
             ... invoked by an orc priest
              (16 damage)
             ... on level 3 of the Dungeon.
             The game lasted 00:04:11 (1532 turns).

DearestLeader the Conjurer (Deep Elf Conjurer)      Turns: 1532, Time: 00:04:12

Health: -9/19      AC:  5    Str:  5    XL:     3   Next: 71%
Magic:  4/9        EV: 13    Int: 20    God:
Gold:   44         SH:  0    Dex: 15    Spells: 5/8 levels left

rFire    . . .     SeeInvis .   e - +1 short sword
rCold    . . .     Gourm    .   (no shield)
rNeg     . . .     Faith    .   f - +0 steam dragon scales
rPois    .         Spirit   .   (no helmet)
rElec    .         Reflect  .   (no cloak)
rCorr    .         Harm     .   (no gloves)
MR       .....     Rnd*Tele +   (no boots)
Stlth    ++........             (no amulet)
HPRegen  0.06/turn              a - ring of teleportation (curse)
MPRegen  0.11/turn              (no ring)

@: no status effects
A: no striking features
a: no special abilities


You were on level 3 of the Dungeon.
You were not hungry.

You visited 1 branch of the dungeon, and saw 3 of its levels.

You collected 44 gold pieces.

Inventory:

Hand Weapons
 e - a +1 short sword (weapon)
Armour
 f - +0 steam dragon scales (worn)
Jewellery
 a - a cursed ring of teleportation (left hand)
Scrolls
 d - a scroll of enchant weapon
 g - 2 scrolls of identify {unknown}
Potions
 b - a potion of haste {unknown}
 i - a potion of flight {unknown}
Comestibles
 c - 6 rations
 h - a chunk of flesh


   Skills:
 - Level 2.4 Dodging
 - Level 2.4 Stealth
 - Level 3.0 Spellcasting
 * Level 6.0 Conjurations


You had 5 spell levels left.
You knew the following spells:

 Your Spells              Type           Power        Failure   Level  Hunger
a - Magic Dart            Conj           ####         1%          1    None
b - Searing Ray           Conj           ####..       1%          2    ##.....

Your spell library contained the following spells:

 Spells                   Type           Power        Failure   Level  Hunger
 Dazzling Flash           Conj/Hex       ###...       12%         3    ###....
 Fulminant Prism          Conj/Hex       ###.......   38%         4    ####...
 Iskenderun's Mystic Bla  Conj/Tloc      ###.....     38%         4    ####...


Dungeon Overview and Level Annotations

Branches:
Dungeon (3/15)

Altars:


Message History

Press: ? - help, Shift-Dir - straight line, f/p - orc priest
Aim: an orc priest, wielding a +0 flail (moderately wounded)
The magic dart hits the orc priest.
The orc priest is heavily wounded.
The orc priest calls down the wrath of Beogh upon you.
Beogh smites you!
Ouch! That really hurt!
You hear a shout!
Casting: Magic Dart (safe; 1% risk of failure)
Confirm with . or Enter, or press ? or * to list all spells.
Aiming: Magic Dart (safe; 1% risk of failure)
Press: ? - help, Shift-Dir - straight line, f/p - orc priest
Aim: an orc priest, wielding a +0 flail (heavily wounded)
The magic dart hits the orc priest.
The orc priest is severely wounded.
You hear an angry hiss.
The orc priest calls down the wrath of Beogh upon you.
Beogh smites you!
Ouch! That really hurt!
You die...

#. #..# ..#
#.###..##..##
#...........#
#.(.........+
#..........>#
#......<....#
#.###..##+###
#..# #.@#
#.###..#######.
................
##.#.........)..
#.#####....## #+
o..... ....#
....# ..##


You could see an orc priest.

Vanquished Creatures
  2 adders (D:2)
  A worm (D:2)
  2 dart slugs
  4 bats
  A giant cockroach (D:2)
  2 goblins (D:2)
  2 hobgoblins
  3 jackals (D:1)
  A quokka (D:2)
  5 frilled lizards
  6 kobolds
  3 rats (D:2)
32 creatures vanquished.

Notes
Turn   | Place    | Note
-------+----------+-------------------------------------------
     0 | D:1      | DearestLeader the Deep Elf Conjurer began the quest for the
                  | Orb.
     0 | D:1      | Reached XP level 1. HP: 10/10 MP: 6/6
   254 | D:1      | Reached XP level 2. HP: 15/15 MP: 6/8
   304 | D:1      | Reached skill level 5 in Conjurations
   335 | D:1      | Learned a level 2 spell: Searing Ray
   734 | D:2      | Reached XP level 3. HP: 19/19 MP: 6/9
  1503 | D:3      | Reached skill level 6 in Conjurations
  1532 | D:3      | Killed from afar by an orc priest

Illustrated notes

Levels and vault maps discovered:
D:1:      sevenhm_arrival_forest_fort_small_5, layout_rooms
D:2:      layout_loops_ring, first_ration
D:3:      layout_basic, kennysheep_minor_cross

Skill      XL: |  1  2  3 |
---------------+----------+-----
Conjurations   | 5 6 |  6.0
Dodging        | |  2.4
Stealth        | |  2.4
Spellcasting   | |  3.0

Action                   || total
-------------------------++-------
 Cast: Magic Dart        ||    58
       Searing Ray       ||     1
  Use: Scroll            ||     1
  Eat: Chunk             ||     2
Armor: Steam dragon scal ||     2
Dodge: Dodged            ||     2
